 Dungeon Crawl Stone Soup version 0.29.1-1-gd02db6906a (webtiles) character file.

Game seed: 7624883542386503505

335 Draeca the Magician (level 6, -4/41 HPs)
             Began as a Demonspawn Hedge Wizard on Oct 13, 2022.
             Was an Initiate of Sif Muna.
             Slain by a fire elemental (9 damage)
             ... created by the fiery vengeance of Ignis
             ... on level 4 of the Dungeon on Oct 22, 2022.
             The game lasted 00:44:16 (4290 turns).

Draeca the Magician (Demonspawn Hedge Wizard)       Turns: 4290, Time: 00:44:17

Health: -4/41      AC:  8    Str: 14    XL:     6   Next: 28%
Magic:  8/11       EV: 15    Int: 20    God:    Sif Muna [......]
Gold:   207        SH:  0    Dex: 12    Spells: 7/12 levels left

rFire   . . .      SeeInvis .   g - +2 dagger (venom)
rCold   . . .      Faith    .   (no shield)
rNeg    . . .      Spirit   .   r - +0 ring mail of Hospitality {rElec Str+3 Stlth+}
rPois   +          Reflect  .   j - +2 hat
rElec   +          Harm     .   u - scarf {shadows}
rCorr   .          Rampage  .   n - +0 pair of gloves
Will    .....                   (no boots)
Stlth   ++........              (no amulet)
HPRegen 0.13/turn               o - ring "Yriarus" {rPois rF+ Int+3 Slay+3}
MPRegen 0.12/turn               s - +4 ring of evasion

@: fire susceptible
A: horns 2, powered by pain 1
a: Renounce Religion


You were on level 4 of the Dungeon.
You worshipped Sif Muna.
Sif Muna was noncommittal.
You visited 2 branches of the dungeon, and saw 5 of its levels.

You collected 207 gold pieces.

Inventory:

Hand Weapons
 g - a +2 dagger of venom (weapon)
 t - a +2 vorpal mace
Armour
 j - a +2 hat (worn)
 n - a +0 pair of gloves (worn)
 r - the +0 ring mail of Hospitality (worn) {rElec Str+3 Stlth+}
   (You found it on level 3 of the Dungeon)

   Str:       It affects your strength (+3).
   rElec:     It insulates you from electricity.
   Stlth:     It makes you more stealthy.
 u - a scarf of shadows (worn)
Jewellery
 o - the ring "Yriarus" (left hand) {rPois rF+ Int+3 Slay+3}
   (You found it on level 2 of the Dungeon)

   [ring of protection from fire]

   Int:       It affects your intelligence (+3).
   Slay:      It affects your accuracy & damage with ranged weapons and melee
   (+3).
   rF:        It protects you from fire.
   rPois:     It protects you from poison.
 s - a +4 ring of evasion (right hand)
Scrolls
 c - a scroll of fog {unknown}
 f - a scroll of teleportation {unknown}
 i - 3 scrolls of identify {unknown}
 k - a scroll of blinking {unknown}
 l - a scroll of magic mapping {unknown}
 p - a scroll of torment {unknown}
Potions
 a - 2 potions of might {unknown}
 d - 2 potions of magic
 e - a potion of cancellation {unknown}
 h - a potion of lignification {unknown}
 m - a potion of brilliance {unknown}
 q - 3 potions of curing {unknown}


   Skills:
 + Level 1.7 Short Blades
 + Level 1.4 Armour
 - Level 2.1 Dodging
 + Level 2.9 Stealth
 + Level 3.7 Spellcasting
 + Level 2.4 Conjurations
 - Level 2.4 Summonings
 + Level 2.1 Translocations


You had 7 spell levels left.
You knew the following spells:

 Your Spells              Type           Power      Damage    Failure   Level
a - Magic Dart            Conj           52%        1d5       10%         1
b - Call Imp              Summ           13%        N/A       16%         2
c - Blink                 Tloc           24%        N/A       17%         2

Your spell library contained the following spells:

 Spells                   Type           Power      Damage    Failure   Level
 Slow                     Hex            12%        N/A       26%         1
 Conjure Flame            Conj/Fire      8%         6-21      45%         3
 Dazzling Flash           Conj/Hex       16%        N/A       45%         3
 Mephitic Cloud           Conj/Pois/Air  7%         N/A       50%         3
 Agony                    Necr           3%         N/A       100%        5
 Silence                  Hex/Air        1%         N/A       100%        5


Dungeon Overview and Level Annotations

Branches:
Dungeon (4/15)             Temple (1/1) D:4

Altars:
Ashenzari
Cheibriados
Dithmenos
Hepliaklqana
Kikubaaqudgha
Makhleb
Nemelex Xobeh
Okawaru
Ru
Sif Muna
Trog
Uskayaw
Wu Jian
Xom
Ignis


Innate Abilities, Weirdness & Mutations

You have a pair of horns on your head.
You sometimes gain a little power by taking damage.


Message History

The black bear looks as sick as possible!
The black bear is almost dead.
The black bear closely misses you. The black bear barely misses you.
The black bear claws you but does no damage.
You hit the black bear.
The black bear is almost dead.
You kill the black bear!
Sif Muna accepts your kill.
You have reached level 6!
Your demonic ancestry asserts itself...
You feel energised by your suffering.
Your magical contamination has completely faded away.
There is an open door here.
You see here a +0 dagger.
There is an open door here.
Found 9 gold pieces.
You now have 207 gold pieces (gained 11).
Ignis calls forth spirits of fire to unmake you! 2 fire elementals come into view.
You closely miss the fire elemental.
Your headbutt misses the fire elemental.
Aiming: Magic Dart (safe; 10% risk of failure)
Press: ? - help, Q - select action, (/) - cycle Shift-Dir - straight line, f - fire elemental
Aim: a fire elemental (durably summoned, 100% to hit)
The magic dart hits the fire elemental.
The fire elemental is lightly damaged.
The fire elemental hits you. The fire elemental burns you!
You hit the fire elemental.
The fire elemental is moderately damaged.
The fire elemental closely misses you. The fire elemental hits you.
The fire elemental burns you!
You hit the fire elemental but do no damage.
The fire elemental is moderately damaged.
The fire elemental completely misses you.
The fire elemental hits you. The fire elemental burns you!
* * * LOW HITPOINT WARNING * * *
You hit the fire elemental.
The fire elemental is heavily damaged.
The fire elemental hits you. The fire elemental burns you!
You die...

......... .†....... ..
......... .$.#
###'##### #+####..#
#.# ##...##..#
#####.##### +......°.#
#...'.'...# #.....E..#
#.###.###.# #....@E..#
#.# #.# #.#
#........###'###.###'#
##.####'.'............
####....###'###.###'#
#.....# #.# #.# #.#
#.....# #.###.###.#
#.....# #...'.'...#
#.....# #####.#####
###.#.# #.#


You could see 2 fire elementals.

Vanquished Creatures
  A black bear (D:4)
  A bullfrog (D:4)
  An orc priest (D:3)
  2 iguanas (D:4)
  3 adders
  A worm (D:2)
  A dart slug (D:2)
  4 orcs (D:3)
  5 ball pythons
  2 bats
  9 endoplasms
  A giant cockroach (D:4)
  3 goblins
  8 hobgoblins
  7 kobolds
  6 quokkas
  A frilled lizard (D:2)
  8 rats
64 creatures vanquished.

Vanquished Creatures (others)
  7 foxfires (D:3)
7 creatures vanquished.

Grand Total: 71 creatures vanquished

Notes
Turn   | Place    | Note
-------+----------+-------------------------------------------
     0 | D:1      | Draeca the Demonspawn Hedge Wizard began the quest for the
                  | Orb.
     0 | D:1      | Reached XP level 1. HP: 13/13 MP: 4/4
   123 | D:1      | Reached skill level 1 in Translocations
   175 | D:1      | Gained mutation: You have a pair of small horns on your
                  | head. [demonic ancestry]
   175 | D:1      | Reached XP level 2. HP: 19/19 MP: 0/6
   559 | D:1      | Learned a level 2 spell: Call Imp
  1288 | D:2      | Learned a level 2 spell: Blink
  1479 | D:2      | Reached XP level 3. HP: 16/24 MP: 2/7
  1630 | D:2      | Found a faded altar of an unknown god.
  1641 | D:2      | Prayed at the altar of an unknown god.
  1641 | D:2      | Became a worshipper of Ignis, the Dying Flame
  1998 | D:2      | Identified the ring "Yriarus" {rPois rF+ Int+3 Slay+3}
  2082 | D:3      | Gained mutation: You have a pair of horns on your head.
                  | [demonic ancestry]
  2082 | D:3      | Reached XP level 4. HP: 27/30 MP: 8/8
  2484 | D:3      | Identified the +0 ring mail of Hospitality {rElec Str+3
                  | Stlth+}
  3685 | D:4      | Noticed a bullfrog
  3704 | D:4      | Killed a bullfrog
  3705 | D:4      | Reached skill level 1 in Short Blades
  3705 | D:4      | Reached XP level 5. HP: 30/35 MP: 8/10
  3783 | D:4      | Reached skill level 1 in Armour
  3876 | D:4      | Found a staircase to the Ecumenical Temple.
  3882 | Temple   | Entered the Ecumenical Temple
  3898 | Temple   | Fell from the grace of Ignis
  3898 | Temple   | Became a worshipper of Sif Muna the Loreminder
  4230 | D:4      | Noticed a black bear
  4249 | D:4      | Killed a black bear
  4250 | D:4      | Gained mutation: You sometimes gain a little power by
                  | taking damage. [demonic ancestry]
  4250 | D:4      | Reached XP level 6. HP: 29/41 MP: 4/11
  4286 | D:4      | Noticed a fire elemental
  4286 | D:4      | Noticed a fire elemental
  4290 | D:4      | Slain by a fire elemental

Illustrated notes

Levels and vault maps discovered:
D:1:      sevenhm_arrival_forest_fort_large_4, layout_basic,
          serial_park_tiny_pond
D:2:      layout_basic, shapermc_ecumenical_altar_venn
D:3:      layout_loops_corners, patterned_corridor
D:4:      layout_gridville, temple_green, minmay_misc_feat_iff,
          minmay_door_square, minmay_misc_feat_doors, uniq_grinder
Temple:   compressed_dpeg_triangle_lava_temple

Skill      XL: |  1  2  3  4  5 |
---------------+----------------+-----
Translocations | 1 2 |  2.1
Dodging        | 2 |  2.1
Stealth        | 2 |  2.9
Summonings     | 2 |  2.4
Short Blades   | 1 |  1.7
Conjurations   | 2 |  2.4
Armour         | 1 |  1.4
Spellcasting   | |  3.7

Action                   |  1- 3 |  4- 6 || total
-------------------------+-------+-------++-------
Melee: Dagger            |    42 |    54 ||    96
       Punch             |     1 |       ||     1
       Headbutt          |     2 |     9 ||    11
 Cast: Magic Dart        |    81 |    44 ||   125
       Call Imp          |     1 |       ||     1
       Blink             |       |     1 ||     1
Invok: Foxfire Swarm     |     1 |       ||     1
Armor: Robe              |    10 |       ||    10
       Ring mail         |       |    16 ||    16
Dodge: Dodged            |    29 |    36 ||    65
